 Dungeon Crawl Stone Soup version 0.18-a0-1300-g6e8322c (webtiles) character file.

2074 Ijustatesigmund the Fighter (level 9, 34/75 HPs)
             Began as a Demonspawn Berserker on Feb 11, 2016.
             Was an Elder of Trog.
             Quit the game on level 6 of the Dungeon.
             The game lasted 00:13:01 (5370 turns).

Ijustatesigmund the Fighter (Demonspawn Berserker)  Turns: 5370, Time: 00:13:01

Health: 34/75      AC: 15    Str: 18    XL:     9   Next: 6%
Magic:  9/9        EV: 10    Int:  9    God:    Trog [****..]
Gold:   321        SH:  0    Dex: 15    Spells: 0 memorised, 8 levels left

rFire  . . .     SeeInvis .     a - +1 hand axe
rCold  . . .     Gourm    .     m - +0 ring mail {rPois}
rNeg   . . .     Faith    .     (no shield)
rPois  +         Spirit   .     l - +0 helmet
rElec  .         Dismiss  .     q - +0 cloak
rCorr  .         Reflect  .     j - +1 pair of gloves
SustAt .         Harm     .     (no boots)
MR     .....                    (no amulet)
Stlth  +.........               (no ring)
                                f - +3 ring of protection

@: not resistant to hostile enchantments, very unstealthy
A: claws 1, icy blue scales 2, powered by death 1
a: Berserk, Trog's Hand, Brothers in Arms, Burn Spellbooks, Renounce Religion


You were on level 6 of the Dungeon.
You worshipped Trog.
Trog was greatly pleased with you.
You were very hungry.

You visited 1 branch of the dungeon, and saw 6 of its levels.

You collected 321 gold pieces.

Inventory:

Hand Weapons
 a - a +1 hand axe (weapon)
Armour
 j - a +1 pair of gloves (worn)
 l - a +0 helmet (worn)
 m - a +0 ring mail of poison resistance (worn)
 q - a +0 cloak (worn)
 r - a +0 buckler
Jewellery
 f - a +3 ring of protection (left hand)
Scrolls
 h - a scroll of fog
 o - 2 scrolls of identify
Potions
 b - 3 potions of curing
 e - a potion of flight
 g - 2 potions of brilliance
 n - 4 potions of heal wounds
 p - a potion of magic
 t - 2 potions of berserk rage
Comestibles
 c - 3 bread rations
 i - 4 meat rations
 k - 3 fruits


   Skills:
 + Level 8.8 Fighting
 + Level 8.2 Axes
 - Level 2.0 Armour
 - Level 2.0 Dodging


You had 8 spell levels left.
You didn't know any spells.

Dungeon Overview and Level Annotations

Branches:
Dungeon (6/15)             Temple (0/1) D:5

Altars:
Fedhas
Kikubaaqudgha
Pakellas
Qazlal


Innate Abilities, Weirdness & Mutations

You have sharp fingernails.
You are mostly covered in icy blue scales (AC +3, EV -1).
You regenerate a little health from kills.


Message History

Your experience leads to an increase in your attributes!
Your base attributes are Str 18, Int 9, Dex 14.
Increase (S)trength, (I)ntelligence, or (D)exterity?
You feel agile.
Your demonic ancestry asserts itself...
Your fingernails lengthen.
You feel a strong urge to attack something.
You are no longer berserk.
You are exhausted.
You feel yourself slow down.
You are feeling hungry.
There is a stone staircase leading down here.
You start resting.
You feel less regenerative.
You start resting.
You feel yourself speed up.
You start resting.
You feel less exhausted.
You start resting.
You are feeling very hungry.
Are you sure you want to abandon this character and quit the game? (Confirm with "yes".)

.............†....##
##...##.....#######
#..........# #. #........#.#
#. # ######........#.# #.
#.#.............#.######.
####.#......#..#...#.##.....
#..............#...#........
....#...>.@#.##...####.....
### #......#.# ...# ###.#.
##)###..... ..# #.#. . #.#
###### #.[. #...###.#######
#.#. #.............# #.#.
##.##.......#.# #...
#.##.##.# #.#. ......# ...
#.#.


There were no monsters in sight!

Vanquished Creatures
  The ghost of YrmMerkstave the Ruffian, a novice TrMo (D:6)
  Prince Ribbit (D:5)
  The ghost of Uberwunderbarhen the Changer, an amateur OpTm of Makhleb (D:5)
  Menkaure (D:4)
  Edmund (D:5)
  A sky beast (D:6)
  2 ogres
  2 crimson imps
  2 hounds (D:5)
  3 orc priests
  A gnoll shaman (D:5)
  2 orc wizards
  An iguana (D:4)
  4 worker ants
  A hound skeleton (D:5)
  8 gnolls
  12 adders
  A shadow imp (D:6)
  An adder zombie (D:6)
  3 worms
  3 giant geckos
  13 orcs
  3 giant cockroaches
  5 goblins
  5 hobgoblins
  10 jackals
  7 kobolds
  A quokka (D:4)
  3 ball pythons
  6 bats
  A giant gecko skeleton (D:4)
  5 giant newts
  A quokka skeleton (D:5)
  4 rats
116 creatures vanquished.

Notes
Turn   | Place    | Note
--------------------------------------------------------------
     0 | D:1      | Ijustatesigmund the Demonspawn Berserker began the quest for the Orb.
     0 | D:1      | Reached XP level 1. HP: 18/18 MP: 1/1
   187 | D:1      | Gained mutation: You regenerate a little health from kills. [demonic ancestry]
   187 | D:1      | Reached XP level 2. HP: 24/24 MP: 2/2
   732 | D:2      | Reached ** piety under Trog
   773 | D:2      | Reached XP level 3. HP: 26/29 MP: 3/3
  1452 | D:3      | Reached XP level 4. HP: 29/37 MP: 4/4
  1769 | D:3      | Reached skill level 4 in Fighting
  2563 | D:4      | Reached *** piety under Trog
  2563 | D:4      | Gained mutation: You are partially covered in icy blue scales (AC +1). [demonic ancestry]
  2563 | D:4      | Reached XP level 5. HP: 24/43 MP: 5/5
  2980 | D:4      | Reached skill level 5 in Fighting
  2980 | D:4      | Reached XP level 6. HP: 51/51 MP: 6/6
  3050 | D:4      | Noticed Menkaure
  3063 | D:4      | Killed Menkaure
  3063 | D:4      | Reached skill level 5 in Axes
  3472 | D:4      | Reached XP level 7. HP: 57/57 MP: 7/7
  3809 | D:5      | Entered Level 5 of the Dungeon
  3915 | D:5      | Reached skill level 6 in Fighting
  3948 | D:5      | Noticed Prince Ribbit
  3950 | D:5      | Noticed Edmund
  3962 | D:5      | Killed Prince Ribbit
  3966 | D:5      | Killed Edmund
  4153 | D:5      | Found an ancient bone altar of Kikubaaqudgha.
  4231 | D:5      | Found a blossoming altar of Fedhas.
  4236 | D:5      | Found a stormy altar of Qazlal.
  4321 | D:5      | Reached skill level 7 in Fighting
  4321 | D:5      | Gained mutation: You are mostly covered in icy blue scales (AC +3, EV -1). [demonic ancestry]
  4321 | D:5      | Reached XP level 8. HP: 55/67 MP: 8/8
  4384 | D:5      | HP: 2/67 [ogre/giant club (6)]
  4617 | D:5      | Found an oddly glowing altar of Pakellas.
  4819 | D:5      | Noticed Uberwunderbarhen's ghost (amateur OpTm)
  4829 | D:5      | Killed Uberwunderbarhen's ghost
  4843 | D:5      | Found a staircase to the Ecumenical Temple.
  5004 | D:6      | Reached **** piety under Trog
  5203 | D:6      | Reached skill level 8 in Fighting
  5277 | D:6      | Noticed YrmMerkstave's ghost (novice TrMo)
  5326 | D:6      | Killed YrmMerkstave's ghost
  5326 | D:6      | Gained mutation: You have sharp fingernails. [demonic ancestry]
  5326 | D:6      | Reached XP level 9. HP: 24/75 MP: 9/9
  5370 | D:6      | Quit the game

Vault maps used:
D:1:      eino_arrival_water_cross
D:3:      first_bread
D:4:      uniq_menkaure
D:5:      nicolae_overflow_hidden_temple,
          grunt_temple_overflow_forces_of_nature, temple_green, uniq_edmund,
          uniq_prince_ribbit1

Action                   |  1- 3 |  4- 6 |  7- 9 || total
-------------------------+-------+-------+-------++-------
Melee: Hand axe          |   119 |   210 |   232 ||   561
Invok: Burn Spellbooks   |     1 |       |       ||     1
       Berserk           |     1 |     5 |     4 ||    10
  Use: Scroll            |     5 |     6 |     5 ||    16
 Stab: Sleeping          |     1 |       |       ||     1
  Eat: Chunk             |     3 |     9 |     7 ||    19
       Beef jerky        |       |     1 |     2 ||     3
       Fruit             |       |       |     1 ||     1
